 Dungeon Crawl Stone Soup version bcrawl-1.27.6 (webtiles) character file.

Game seed: 18010750043685715057

341024 DogServant the Geomancer (level 11, -3/54 HPs)
             Began as a Gargoyle Earth Elementalist on Oct 5, 2020.
             Was an Elder of Vehumet.
             Slain by a yak (9 damage)
             ... on level 9 of the Dungeon.
             The game lasted 00:21:11 (10141 turns).

DogServant the Geomancer (GrEE)                    Turns: 10141, Time: 00:21:11

Health: -3/54      AC: 13    Str: 10    XL:     11   Next: 39%
Magic:  9/19       EV: 11    Int: 22    God:    Vehumet [****..]
Gold:   681        SH:  0    Dex: 10    Spells: 0/20 levels left

rFire    . . .     SeeInvis .   i - +10 quarterstaff "Covva Zieph" {venom, rElec Str-3 Int+4 Stlth+}
rCold    . . .     Gourm    .   (shield currently unavailable)
rNeg     + . .     Faith    .   p - +0 leather armour
rPois    ∞         Spirit   .   F - +0 hat
rElec    +         Reflect  .   (no cloak)
rCorr    +         Harm     .   A - +0 pair of gloves
MR       .....                  a - +0 pair of boots
Stlth    +++.......             I - amulet of magic regeneration
HPRegen  0.18/turn              u - ring of resist corrosion
MPRegen  0.41/turn              (no ring)

@: no status effects
A: negative energy resistance 1, electricity resistance, unbreathing,
petrification resistance, rot immunity, AC +8
a: Renounce Religion


You were on level 9 of the Dungeon.
You worshipped Vehumet.
Vehumet was greatly pleased with you.
You were hungry.

You visited 2 branches of the dungeon, and saw 11 of its levels.
You also visited: Ossuary.

You collected 681 gold pieces.

Inventory:

Hand Weapons
 i - the +10 quarterstaff "Covva Zieph" (weapon) {venom, rElec Str-3 Int+4 Stlth+}
   (You found it on level 4 of the Dungeon)

   It poisons the flesh of those it strikes.
   It affects your strength (-3).
   It affects your intelligence (+4).
   It insulates you from electricity.
   It makes you more stealthy.
Missiles
 b - 551 stones
 l - 228 poisoned tomahawks (quivered)
Armour
 a - a +0 pair of boots (worn)
 p - a +0 leather armour (worn)
 A - a +0 pair of gloves (worn)
 F - a +0 hat (worn)
 J - a +0 hat
Jewellery
 u - a ring of resist corrosion (left hand)
 I - an amulet of magic regeneration (around neck)
Wands
 m - a wand of acid (7)
 s - a wand of random effects (18)
 x - a wand of scattershot (5)
Scrolls
 d - 2 scrolls of blinking
 k - 7 scrolls of remove curse
 n - 4 scrolls of enchant armour
 q - 9 scrolls of teleportation
 r - a scroll of torment {unknown}
 v - 2 scrolls of magic mapping
 y - 6 scrolls of identify
 B - a scroll of fear
Potions
 c - 2 potions of magic {unknown}
 f - 4 potions of berserk rage
 g - 2 potions of brilliance
 h - 9 potions of heal wounds
 j - 2 potions of invisibility
 o - 8 potions of curing
 t - a potion of resistance
 w - 2 potions of lignification {unknown}
 z - 2 potions of agility
 C - 2 potions of degeneration {unknown}
 D - 2 potions of flight {unknown}
 E - 2 potions of might {unknown}
Miscellaneous
 H - a fan of gales (2/2)
Comestibles
 e - 15 rations {!d}


   Skills:
 + Level 8.0 Staves
 - Level 1.5 Dodging
 - Level 2.4 Stealth
 - Level 5.3 Spellcasting
 + Level 10.2 Conjurations
 - Level 0.7 Transmutations
 + Level 4.8 Fire Magic
 + Level 12.0 Earth Magic


You couldn't memorise any spells.
You knew the following spells:

 Your Spells              Type           Power        Failure   Level  Hunger
a - Sandblast             Erth           ######       1%          1    None
b - Stone Arrow           Conj/Erth      ######       1%          3    ##.....
c - Lee's Rapid Deconstr  Erth           ######....   1%          5    ######.
d - Petrify               Tmut/Erth      ####......   10%         4    ####...
e - Ignite Poison         Fire/Tmut/Pois ##......     5%          3    ##.....
f - Throw Icicle          Conj/Ice       ####....     4%          4    ####...

Your spell library contained the following spells:

 Spells                   Type           Power        Failure   Level  Hunger
 Passwall                 Tmut/Erth      ####....     1%          2    None
 Recall                   Summ/Tloc      N/A          36%         3    ##.....
 Aura of Abjuration       Summ           #.........   98%         5    ######.
 Summon Demon             Summ           #.........   98%         5    ######.
 Summon Forest            Summ/Tloc      #.........   98%         5    ######.
 Summon Mana Viper        Hex/Summ       #.......     98%         5    ######.
 Shadow Creatures         Summ           N/A          100%        6    #######


Dungeon Overview and Level Annotations

Branches:
Dungeon (10/12)            Temple (1/1) D:5            Lair (0/6) D:8
    Orc: D:8-11

Altars:
Ashenzari
Cheibriados
Dithmenos
Elyvilon
Fedhas
Gozag
Hepliaklqana
Kikubaaqudgha
Lugonu
Makhleb
Nemelex Xobeh
Okawaru
Qazlal
Ru
Sif Muna
Trog
Uskayaw
Vehumet
Wu Jian
Xom
Yredelemnul
Zin
The Shining One

Shops:
D:7 (

Annotations:
D:9 2 transporters, 1 runed translucent door, Quickbrownfox's ghost, journeyman FrFE


Innate Abilities, Weirdness & Mutations

You are resistant to torment.
Your stone body is resilient. (AC +8)
You are immune to poison.
You resist negative energy. (rN+)
You are resistant to electric shocks. (rElec)
You can survive without breathing.
You are immune to petrification.
You are immune to rotting.


Message History

* * * LOW HITPOINT WARNING * * *
The yak barely misses you.
Casting: Stone Arrow (safe; 1% risk of failure)
Confirm with . or Enter, or press ? or * to list all spells.
Aiming: Stone Arrow (safe; 1% risk of failure)
Press: ? - help, Shift-Dir - straight line, f/p - yak
Aim: a yak (severely wounded, poisoned)
The stone arrow hits the yak!!
You kill the yak!
Vehumet accepts your kill.
You feel your power returning. The yak closely misses you.
Casting: Stone Arrow (safe; 1% risk of failure)
Confirm with . or Enter, or press ? or * to list all spells.
Aiming: Stone Arrow (safe; 1% risk of failure)
Press: ? - help, Shift-Dir - straight line, f - yak
Aim: a yak The stone arrow hits the yak!
The yak is heavily wounded.
The yak gores you!
You die...

..+.©#©...<.........#
..#/.#..#####.......#
≈≈#.P#.## #.......#
Ko#P8#.#### #########
######....#
........#.########
#######..........#
###.......Y#
#......†@# ##########


You could see a yak.

Vanquished Creatures
  A two-headed ogre (D:8)
  Joseph (D:7)
  A kobold demonologist (D:9)
  3 trolls
  Grinder (D:6)
  5 hippogriffs
  4 yaks (D:9)
  A wyvern (D:6)
  Duvessa (D:6)
  2 crocodiles
  Edmund (D:6)
  2 sky beasts
  A black bear (D:9)
  An orc warrior (D:9)
  2 ice beasts
  3 phantoms
  3 necrophages
  4 ogres
  A centaur (D:6)
  3 big kobolds
  7 bullfrogs
  A gnoll sergeant (D:7)
  Dowan (D:6)
  2 scorpions
  3 killer bees (D:8)
  4 wights (D:9)
  2 electric eels (D:8)
  4 crimson imps
  A bullfrog zombie (D:5)
  2 centaur zombies
  3 centaur skeletons
  10 hounds
  A jelly (D:5)
  4 orc priests
  7 orc wizards
  3 iguanas
  8 worker ants
  3 hound skeletons
  3 mummies (Ossuary)
  A worker ant zombie (D:9)
  A howler monkey zombie (D:6)
  19 gnolls
  9 adders
  3 oozes
  5 adder zombies
  2 adder skeletons
  6 worms
  4 dart slugs
  10 leopard geckos
  24 orcs
  3 giant cockroaches (D:2)
  12 hobgoblins
  4 quokkas
  7 bats
  2 frilled lizards
  2 gnoll zombies (Ossuary)
  6 goblins
  4 goblin zombies (Ossuary)
  A hobgoblin zombie (Ossuary)
  26 kobolds
  3 kobold zombies (Ossuary)
  A quokka zombie (Ossuary)
  3 rats
  3 rat zombies (Ossuary)
271 creatures vanquished.

Vanquished Creatures (others)
  An orc (D:8)
1 creature vanquished.

Grand Total: 272 creatures vanquished

Notes
Turn   | Place    | Note
-------+----------+-------------------------------------------
     0 | D:1      | DogServant the Gargoyle Earth Elementalist began the quest
                  | for the Orb.
     0 | D:1      | Reached XP level 1. HP: 10/10 MP: 3/3
   414 | D:1      | Reached XP level 2. HP: 15/15 MP: 5/5
   432 | D:1      | Reached skill level 4 in Earth Magic
   684 | D:1      | Reached XP level 3. HP: 12/19 MP: 1/6
  1265 | D:2      | Learned a level 3 spell: Stone Arrow
  1531 | D:2      | Reached XP level 4. HP: 20/24 MP: 4/8
  1587 | D:2      | Found a shadowy altar of Dithmenos.
  1714 | D:2      | Reached skill level 1 in Conjurations
  1977 | D:2      | Found an opulent altar of Gozag.
  2312 | D:3      | Found a white marble altar of Elyvilon.
  2312 | D:3      | Found a sacrificial altar of Ru.
  2350 | D:3      | Found a shimmering altar of Xom.
  2353 | D:3      | Found an ancient bone altar of Kikubaaqudgha.
  2383 | D:3      | Reached skill level 5 in Earth Magic
  2494 | D:3      | Found a faded altar of an unknown god.
  2503 | D:3      | Reached XP level 5. HP: 23/28 MP: 9/9
  2955 | D:3      | Found a radiant altar of Vehumet.
  3348 | D:4      | Noticed a sky beast
  3386 | D:4      | Killed a sky beast
  3386 | D:4      | Reached XP level 6. HP: 6/32 MP: 0/11
  3575 | D:4      | Reached skill level 6 in Earth Magic
  3743 | D:4      | Reached XP level 7. HP: 31/36 MP: 13/13
  4138 | D:4      | Got a shimmering quarterstaff
  4397 | D:4      | Reached skill level 7 in Earth Magic
  4602 | D:5      | Entered Level 5 of the Dungeon
  4608 | D:5      | Reached skill level 5 in Spellcasting
  4643 | D:5      | Reached XP level 8. HP: 39/41 MP: 11/15
  4687 | D:5      | Reached skill level 5 in Conjurations
  4833 | D:5      | Identified the +10 quarterstaff "Covva Zieph" {venom, rElec
                  | Str-3 Int+4 Stlth+} (You found it on level 4 of the
                  | Dungeon)
  4840 | D:5      | Learned a level 5 spell: Lee's Rapid Deconstruction
  4845 | D:5      | Learned a level 4 spell: Petrify
  5012 | D:5      | Reached skill level 1 in Staves
  5086 | D:5      | Found a staircase to the Ecumenical Temple.
  5226 | Temple   | Entered the Ecumenical Temple
  5544 | D:3      | Became a worshipper of Vehumet
  5693 | D:6      | Reached skill level 8 in Earth Magic
  5716 | D:6      | Noticed Dowan
  5723 | D:6      | Noticed Duvessa
  5731 | D:6      | Killed Duvessa
  5735 | D:6      | Killed Dowan
  5944 | D:6      | Noticed Grinder
  6002 | D:6      | Killed Grinder
  6002 | D:6      | Reached XP level 9. HP: 42/45 MP: 10/17
  6081 | D:6      | Reached skill level 9 in Earth Magic
  6261 | D:6      | Found an ornate altar of the Wu Jian Council.
  6303 | D:6      | Reached * piety under Vehumet
  6303 | D:6      | Offered knowledge of Magic Dart by Vehumet.
  6358 | D:6      | Noticed Edmund
  6368 | D:6      | Killed Edmund
  6412 | D:6      | Reached skill level 5 in Staves
  6609 | D:6      | Reached skill level 10 in Earth Magic
  6817 | D:7      | Reached XP level 10. HP: 39/50 MP: 18/18
  6954 | D:7      | Reached ** piety under Vehumet
  6986 | D:7      | Offered knowledge of Shock by Vehumet.
  6989 | D:7      | Found Attic Qouh's Antique Weapon Shop.
  7091 | D:7      | Found a sand-covered staircase.
  7098 | Ossuary  | Entered an ossuary
  7243 | Ossuary  | Offered knowledge of Ignite Poison by Vehumet.
  7264 | Ossuary  | Learned a level 3 spell: Ignite Poison
  7639 | D:7      | Noticed Joseph
  7724 | D:7      | Killed Joseph
  7724 | D:7      | Reached skill level 1 in Fire Magic
  7834 | D:7      | Found a bloodstained altar of Trog.
  7844 | D:7      | Reached *** piety under Vehumet
  8158 | D:8      | Found a corrupted altar of Lugonu.
  8161 | D:8      | Noticed a two-headed ogre
  8172 | D:8      | Killed a two-headed ogre
  8172 | D:8      | Reached skill level 11 in Earth Magic
  8529 | D:8      | Offered knowledge of Yara's Violent Unravelling by Vehumet.
  8607 | D:8      | Found a staircase to the Lair.
  8641 | D:8      | Reached XP level 11. HP: 24/54 MP: 3/19
  9013 | D:8      | Found a snail-covered altar of Cheibriados.
  9345 | D:9      | Found a transporter.
  9417 | D:9      | Noticed a deep elf knight
  9423 | D:9      | Noticed an orc sorcerer
  9439 | D:9      | Reached skill level 10 in Conjurations
  9516 | D:9      | Found a sparkling altar of Nemelex Xobeh.
  9573 | D:9      | Found a transporter.
  9578 | D:9      | Reached **** piety under Vehumet
  9581 | D:9      | Noticed a deep elf knight
  9599 | D:9      | Noticed Quickbrownfox's ghost (journeyman FrFE)
  9649 | D:9      | Offered knowledge of Throw Icicle by Vehumet.
  9655 | D:9      | Learned a level 4 spell: Throw Icicle
  9678 | D:9      | Found a runed translucent door.
 10072 | D:10     | Entered Level 10 of the Dungeon
 10120 | D:9      | Reached skill level 12 in Earth Magic
 10141 | D:9      | Slain by a yak

Skill      XL: |  1  2  3  4  5  6  7  8  9 10 11 |
---------------+----------------------------------+-----
Earth Magic    | 4 5 6 7 8 10 11 12 | 12.0
Spellcasting   | 3 4 5 |  5.3
Conjurations   | 1 3 4 6 8 9 10 | 10.2
Staves         | 3 5 7 8 |  8.0
Fire Magic     | 3 4 |  4.8
Dodging        | |  1.5
Stealth        | |  2.4
Transmutations | |  0.7

Action                   |  1- 3 |  4- 6 |  7- 9 | 10-12 || total
-------------------------+-------+-------+-------+-------++-------
Melee: Unarmed           |    22 |       |       |       ||    22
       Hand axe          |    28 |    12 |       |       ||    40
       Dagger            |       |    56 |       |       ||    56
       Long sword        |       |    55 |    40 |       ||    95
       Quarterstaff      |       |       |   109 |   221 ||   330
Throw: Tomahawk          |     1 |     1 |       |    14 ||    16
 Cast: Sandblast         |    51 |    65 |    63 |    10 ||   189
       Stone Arrow       |       |     3 |    13 |    71 ||    87
       Lee's Rapid Decon |       |       |       |     5 ||     5
       Ignite Poison     |       |       |       |     1 ||     1
  Use: Scroll            |       |     3 |    11 |     3 ||    17
 Stab: Sleeping          |     3 |     3 |     4 |     3 ||    13
  Eat: Chunk             |     4 |     8 |    13 |    15 ||    40
       Ration            |       |     1 |     1 |     2 ||     4
Armor: Robe              |    27 |    46 |       |       ||    73
       Leather armour    |       |    13 |    99 |   109 ||   221
Dodge: Dodged            |    50 |    72 |   128 |   149 ||   399
